 Dungeon Crawl Stone Soup version 0.30-a0-358-g0d69a1922f (webtiles) character file.

Game seed: 7149294404197340717

522 hikkokomori the Shooter (level 7, 0/38 HPs)
             Began as a Kobold Hexslinger on Nov 9, 2022.
             Succumbed to their own poison gas
             ... on level 4 of the Dungeon.
             The game lasted 00:09:20 (4125 turns).

hikkokomori the Shooter (Kobold Hexslinger)         Turns: 4125, Time: 00:09:21

Health: 0/38       AC:  2    Str:  8    XL:     7   Next: 46%
Magic:  14/21      EV: 15    Int: 14    God:
Gold:   223        SH:  0    Dex: 17    Spells: 12/13 levels left

rFire   + . .      SeeInvis .    a - +1 sling
rCold   . . .      Faith    .    (no shield)
rNeg    . . .      Spirit   +    c - +0 robe
rPois   .          Reflect  .    (no helmet)
rElec   .          Harm     .    (no cloak)
rCorr   .          Rampage  .    (no gloves)
Will    .....                    (no boots)
Stlth   +++.......               d - amulet of guardian spirit
HPRegen 0.26/turn                g - ring of magical power
MPRegen 0.17/turn                f - ring of protection from fire

@: lethally poisoned (0 -> -49)
A: small, no large weapons, nightstalker 3
a: no special abilities


You were on level 4 of the Dungeon.
You visited 1 branch of the dungeon, and saw 5 of its levels.

You collected 223 gold pieces.

Inventory:

Hand Weapons
 a - a +1 sling (weapon)
Missiles
 p - 2 throwing nets
Armour
 c - a +0 robe (worn)
Jewellery
 d - an amulet of guardian spirit (around neck)
 f - a ring of protection from fire (right hand)
 g - a ring of magical power (left hand)
 l - a ring of ice
 m - a +6 ring of intelligence
Scrolls
 h - 2 scrolls of identify
 k - a scroll of brand weapon {unknown}
 o - a scroll of amnesia {unknown}
 r - a scroll of teleportation
Potions
 e - a potion of mutation {unknown}
 i - a potion of berserk rage
 j - a potion of heal wounds {unknown}
 n - a potion of ambrosia {unknown}
 q - a potion of brilliance {unknown}
 s - a potion of haste {unknown}


   Skills:
 - Level 1.1 Fighting
 * Level 7.3 Ranged Weapons
 - Level 2.4 Dodging
 + Level 3.7 Spellcasting
 + Level 4.7 Hexes


You had 12 spell levels left.
You knew the following spells:

 Your Spells              Type           Power      Damage    Failure   Level
a - Slow                  Hex            60%        N/A       3%          1

Your spell library contained the following spells:

 Spells                   Type           Power      Damage    Failure   Level
 Inner Flame              Hex/Fire       9%         N/A       22%         3
 Portal Projectile        Hex/Tloc       18%        N/A       22%         3
 Cause Fear               Hex            7%         N/A       28%         4


Dungeon Overview and Level Annotations

Branches:
Dungeon (5/15)
 Temple: D:4-7

Altars:
Makhleb

Annotations:
D:3 1 runed translucent door, Crazy Yiuf, Grinder


Innate Abilities, Weirdness & Mutations

You are small and have problems with some larger weapons.
You are completely attuned to the shadows.


Message History

No target in view!
No target in view!
No target in view!
No target in view!
No target in view!
An endoplasm comes into view.
The endoplasm quivers.
An endoplasm is nearby!
An endoplasm is nearby!
You shoot a sling bullet. The sling bullet hits the endoplasm!
You kill the endoplasm!
No target in view!
No target in view!
s - a dark potion You see here a hobgoblin corpse.
h - 2 scrolls of identify (gained 1)
There is a stone staircase leading up here.
You see here a +2 helmet.
You now have 223 gold pieces (gained 4).
As you open the door, it creaks loudly!
A gnoll sergeant and 4 gnolls come into view.
The gnoll shouts! x2; The gnoll sergeant shouts!
The gnoll shouts!
Found 6 gold pieces.
Really read the scroll of poison?
The air fills with toxic fumes!
As you read the scroll of poison, it crumbles to dust.
The gnoll sergeant completely misses you.
The gnoll barely misses you.
Unknown command.
Really walk into that cloud of poison gas?
You are engulfed in poison gas.
You are poisoned.
You feel very sick.
You are engulfed in poison gas.
You are more poisoned.
You feel very sick.
You are engulfed in poison gas.
You are lethally poisoned!
You feel extremely sick.
You are engulfed in poison gas.
You are more poisoned.
* * * LOW HITPOINT WARNING * * *
You die...

...###.#.######## #....##)# ##.
...# #.#.....### ##.#.#..#####..
#..###.#####...#####.#...###.....
#...##.# ###............##.....
#...##.# #######..............
######≈≈ ≈§# #......##...... #§#
#......###..... ####
##§####......# #..... ####
≈≈#..g#§§§@§.......# ###.##
..[###≈≈#$.ggg§§###..[...# #..#
##.##.≈≈#..g#§§## ######## ##..
#....≈#######§# ##.
###.z≈##≈≈≈##§# ## ##.≈≈≈≈≈≈≈≈≈#
# #.....z..># # #...)..)z.# #
#.........#


You could see a gnoll sergeant and a gnoll.

Vanquished Creatures
  An ogre (D:4)
  A scorpion (D:4)
  A wight (D:3)
  2 orc priests
  A gnoll bouda (D:5)
  An orc wizard (D:3)
  7 gnolls
  6 adders
  An ufetubus (D:5)
  A dart slug (D:3)
  8 orcs
  5 ball pythons
  2 bats (D:1)
  7 endoplasms
  4 giant cockroaches
  7 goblins
  10 hobgoblins
  8 kobolds
  5 quokkas
  4 frilled lizards
  5 rats
87 creatures vanquished.

Notes
Turn   | Place    | Note
-------+----------+-------------------------------------------
     0 | D:1      | hikkokomori the Kobold Hexslinger began the quest for the
                  | Orb.
     0 | D:1      | Reached XP level 1. HP: 12/12 MP: 2/2
    30 | D:1      | Reached skill level 3 in Ranged Weapons
    33 | D:1      | Reached XP level 2. HP: 14/16 MP: 3/3
   241 | D:1      | Reached XP level 3. HP: 20/20 MP: 5/5
   751 | D:2      | Reached skill level 4 in Ranged Weapons
   843 | D:2      | Found a burning altar of Makhleb.
   929 | D:2      | Reached XP level 4. HP: 25/25 MP: 5/7
  1152 | D:2      | HP: 1/25 [poisoned by an adder]
  1731 | D:3      | Reached XP level 5. HP: 29/29 MP: 8/8
  1737 | D:3      | Noticed Grinder
  1826 | D:3      | Reached skill level 5 in Ranged Weapons
  2407 | D:3      | Reached XP level 6. HP: 28/34 MP: 10/10
  2445 | D:3      | Found a runed translucent door.
  2448 | D:3      | Noticed Crazy Yiuf
  2842 | D:3      | Reached skill level 6 in Ranged Weapons
  3054 | D:5      | Entered Level 5 of the Dungeon
  3139 | D:5      | Noticed an ogre
  3178 | D:5      | Noticed an ogre
  3412 | D:5      | Reached XP level 7. HP: 37/38 MP: 12/12
  3531 | D:4      | Reached skill level 7 in Ranged Weapons
  4125 | D:4      | Succumbed to their own poison gas

Illustrated notes

Levels and vault maps discovered:
D:1:      evilmike_arrival_plus, layout_rooms
D:2:      layout_basic, basic_altar
D:3:      layout_loops_cross, chequers_serial_rivers_micro_e,
          kennysheep_orc_chapel, uniq_terence, uniq_grinder,
          uniq_crazy_yiuf_cottage
D:4:      layout_rooms, lightli_minifort
D:5:      layout_loops_ring, mainiacjoe_overflow_cross_hatched,
          mainiacjoe_overflow_tiny_flanked, minmay_overflow_temple_star_hex,
          minmay_temple_entry_glass

Skill      XL: |  1  2  3  4  5  6  7 |
---------------+----------------------+-----
Ranged Weapons | 3 4 5 6 7 |  7.3
Spellcasting   | 2 3 |  3.7
Hexes          | 4 |  4.7
Fighting       | |  1.1
Dodging        | |  2.4

Action                   |  1- 3 |  4- 6 |  7- 9 || total
-------------------------+-------+-------+-------++-------
 Fire: Sling             |    74 |   198 |    42 ||   314
  Use: Potion            |       |     1 |       ||     1
       Scroll            |       |     4 |     1 ||     5
Armor: Robe              |     2 |    14 |     5 ||    21
Dodge: Dodged            |    22 |   122 |    44 ||   188

Table legend: (Time is in decaauts)
 A = Elapsed time spent in this place.
 B = Non-inter-level travel time spent in this place.
 C = Inter-level travel time spent in this place.
 D = Time resting spent in this place.
 E = Time spent auto-exploring this place.
 F = Levels seen in this place.
 G = Mean time per level.
                   A        B        C        D        E       F      G
               +--------+--------+--------+--------+--------+-----+--------+
         Total |   4172 |   4026 |    146 |    741 |   2349 |   5 |  834.4 |
       Dungeon |   4172 |   4026 |    146 |    741 |   2349 |   5 |  834.4 |
               +--------+--------+--------+--------+--------+-----+--------+

Top non-repeatable levels by time:
     D:2: 1397 daAuts
     D:3: 970 daAuts
     D:4: 879 daAuts
     D:1: 575 daAuts
     D:5: 348 daAuts
